 Dungeon Crawl Stone Soup version 0.23.1 (webtiles) character file.

Game seed: 16006203432679801090

46 PentaManta the Skirmisher (level 3, -1/30 HPs)
             Began as a Formicid Abyssal Knight on Mar 13, 2019.
             Was a Believer of Lugonu.
             Slain by an adder (3 damage)
             ... on level 3 of the Dungeon.
             The game lasted 00:03:02 (885 turns).

PentaManta the Skirmisher (Formicid Abyssal Knight)  Turns: 885, Time: 00:03:02

Health: -1/30      AC:  3    Str: 17    XL:     3   Next: 95%
Magic:  4/4        EV: 11    Int: 11    God:    Lugonu [**....]
Gold:   10         SH:  0    Dex: 10    Spells: 2/2 levels left

rFire    . . .     SeeInvis +   a - +1 hand axe
rCold    . . .     Gourm    .   (no shield)
rNeg     . . .     Faith    .   b - +0 leather armour
rPois    .         Spirit   .   (helmet unavailable)
rElec    .         Reflect  .   (no cloak)
rCorr    .         Harm     .   (no gloves)
MR       .....                  (no boots)
Stlth    ++........             (no amulet)
HPRegen  0.10/turn              (no ring)
MPRegen  0.09/turn              (no ring)

@: no status effects
A: permanent stasis, dig shafts and tunnels, four strong arms, antennae 3
a: Dig, Shaft Self, Depart the Abyss, Bend Space, Renounce Religion


You were on level 3 of the Dungeon.
You worshipped Lugonu.
Lugonu was pleased with you.
You were not hungry.

You visited 1 branch of the dungeon, and saw 3 of its levels.
You visited the Abyss 1 time.

You collected 10 gold pieces.

Inventory:

Hand Weapons
 a - a +1 hand axe (weapon)
Armour
 b - a +0 leather armour (worn)
Scrolls
 d - a scroll of fog {unknown}
 e - a scroll of identify {unknown}
 f - a scroll of remove curse {unknown}
 g - 2 scrolls of teleportation {unknown}
Potions
 h - a potion of haste {unknown}
 i - a potion of might {unknown}
Comestibles
 c - a ration


   Skills:
 + Level 3.7 Fighting
 + Level 2.5 Axes
 - Level 2.1 Armour
 - Level 0.8 Dodging
 * Level 2.9 Stealth
 - Level 2.1 Invocations


You had 2 spell levels left.
You didn't know any spells.
Your spell library was empty.

Dungeon Overview and Level Annotations

Branches:
Dungeon (3/15)

Altars:

Annotations:
D:2 Robin


Innate Abilities, Weirdness & Mutations

You cannot be hasted, slowed, berserked, paralysed or teleported.
You can dig through walls and to a lower floor.
Your four strong arms can wield two-handed weapons with a shield.
You have a pair of large antennae on your head. (SInv)


Message History

The goblin shoots a stone.
The stone closely misses you.
The hobgoblin no longer looks unusually strong.
The goblin shoots a stone.
The stone hits you.
* * * LOW HITPOINT WARNING * * *
You see here a stone.
The hobgoblin no longer looks unusually strong.
There is a stone staircase leading down here.
You extend your mandibles.
Unknown command.
The goblin no longer looks unusually strong. x2
Robin throws the goblin at you! The adder closely misses you.
The goblin unwields a +0 hunting sling.
The goblin wields a +0 club.
The goblin hits you but does no damage.
You climb downwards.
An adder comes into view.
There is a stone staircase leading up here.
You dig through the rock wall.
The adder hisses angrily.
The adder bites you.
You die...

{ .
....######
....S..S@#
.......###
#.####. #.
#. #. { #.
#.


You could see 2 adders.

Vanquished Creatures
  A dart slug (D:1)
  2 leopard geckos (D:1)
  A ball python (D:1)
  4 giant cockroaches
  7 goblins
  6 hobgoblins
  4 jackals (D:1)
  A kobold (D:1)
  5 bats
  3 frilled lizards (D:1)
  5 rats (D:1)
39 creatures vanquished.

Notes
Turn   | Place    | Note
-------+----------+-------------------------------------------
     0 | Abyss:1  | PentaManta the Formicid Abyssal Knight began the quest for
                  | the Orb.
     0 | Abyss:1  | Reached XP level 1. HP: 18/18 MP: 2/2
    27 | D:1      | Escaped the Abyss
    84 | D:1      | Reached skill level 1 in Stealth
   112 | D:1      | Reached XP level 2. HP: 18/24 MP: 3/3
   328 | D:1      | Reached XP level 3. HP: 26/29 MP: 4/4
   442 | D:1      | Reached ** piety under Lugonu
   856 | D:2      | Noticed Robin
   885 | D:3      | Slain by an adder

Skill      XL: |  1  2 |
---------------+-------+-----
Stealth        | 1 2 |  2.9
Fighting       | |  3.7
Axes           | |  2.5
Armour         | |  2.1
Dodging        | |  0.8
Invocations    | |  2.1

Action                   || total
-------------------------++-------
Melee: Hand axe          ||   100
 Abil: Dig               ||     1
 Stab: Sleeping          ||     2
Armor: Leather armour    ||    40
Dodge: Dodged            ||    74
